 Dungeon Crawl Stone Soup version 0.32-a0-675-gdc239d62e1 (webtiles) character file.

Game seed: 14587985310908753447

74 jasper the Ruffian (level 4, -2/34 HPs)
             Began as a Gnoll Shapeshifter on Mar 11, 2024.
             Slain by Robin
             ... wielding a +2 whip of electrocution
              (19 damage)
             ... on level 3 of the Dungeon.
             The game lasted 00:02:43 (1173 turns).

jasper the Ruffian (Gnoll Shapeshifter)             Turns: 1173, Time: 00:02:44

Health: -2/34      AC:  3    Str: 14    XL:     4   Next: 28%
Magic:  5/5        EV: 14    Int: 11    God:
Gold:   85         SH:  0    Dex: 15    Spells: 5/5 levels left

rFire   + . .        l - +8 spear "Maaxyew" {speed, rF+ Dex+4}
rCold   . . .        (no shield)
rNeg    . . .        a - +1 animal skin
rPois   .            (helmet currently unavailable)
rElec   .            (cloak currently unavailable)
rCorr   .            (gloves currently unavailable)
SInv    .            (boots currently unavailable)
Will    .....        (no amulet)
Stlth   ++           (no ring)
HPRegen 0.25/turn    (no ring)
MPRegen 0.09/turn

%: no passive effects
@: beast-form
A: beast (slay +3), fangs 1, strong nose, distributed training
a: Begin Untransformation


You were on level 3 of the Dungeon.
You were a hulking beast.
You visited 1 branch of the dungeon, and saw 3 of its levels.

You collected 85 gold pieces.

Inventory:

Hand Weapons
 g - a +1 whip of distortion
 l - the +8 spear "Maaxyew" (weapon) {speed, rF+ Dex+4}
   (You found it on level 2 of the Dungeon)

   Dex+4:     It affects your dexterity (+4).
   rF+:       It protects you from fire.
Missiles
 f - 16 stones (quivered)
 m - 2 throwing nets
Armour
 a - a +1 animal skin (worn)
Jewellery
 h - a ring of positive energy
Talismans
 c - a beast talisman (active)
 d - a flux talisman
Potions
 b - a potion of lignification
 e - a potion of attraction
 i - a potion of enlightenment
 j - 2 potions of cancellation {unknown}


   Skills:
 + Level 2.7 Fighting
 + Level 1.1 Short Blades
 + Level 1.1 Long Blades
 + Level 1.1 Axes
 + Level 1.1 Maces & Flails
 + Level 1.1 Polearms
 + Level 1.1 Staves
 + Level 1.1 Ranged Weapons
 + Level 1.1 Throwing
 + Level 1.1 Armour
 + Level 4.6 Dodging
 + Level 1.1 Stealth
 + Level 1.1 Shields
 + Level 6.6 Unarmed Combat
 + Level 1.1 Spellcasting
 + Level 0.9 Conjurations
 + Level 0.9 Hexes
 + Level 0.9 Summonings
 + Level 0.9 Necromancy
 + Level 0.9 Translocations
 + Level 0.9 Fire Magic
 + Level 0.9 Ice Magic
 + Level 0.9 Air Magic
 + Level 0.9 Earth Magic
 + Level 0.9 Alchemy
 + Level 1.2 Invocations
 + Level 1.1 Evocations
 + Level 6.5 Shapeshifting


You had 5 spell levels left.
You didn't know any spells.
Your spell library contained the following spells:

 Spells                   Type           Power      Damage    Failure   Level
 Summon Forest            Summ/Tloc      1%         N/A       99%         5
 Summon Mana Viper        Hex/Summ       2%         N/A       99%         5
 Summon Cactus Giant      Summ           1%         N/A       100%        6


Dungeon Overview and Level Annotations

Branches:
Dungeon (3/15)

Altars:

Annotations:
D:3 Robin


Innate Abilities, Weirdness & Mutations

You are a hulking beast.
Your limbs bulge with bestial killing power. (Slay +3)
You have very sharp teeth.
Your uncanny sense of smell can sniff out nearby items.
Your experience applies equally to all skills.


Message History

The floor.
Okay, then.
Okay, then.
Unknown command.
Reach: l) +8 spear "Maaxyew" {speed, rF+ Dex+4}
Press: ? - help, Dir - move target, f - Robin
Aim: Robin, wielding a +2 whip of electrocution, wearing a +0 animal skin and wearing a +0 helmet (about 23% to evade the +8 spear "Maaxyew")
You reach to attack!
You closely miss Robin.
Reach: l) +8 spear "Maaxyew" {speed, rF+ Dex+4}
Press: ? - help, Dir - move target, f/p - Robin
Aim: Robin, wielding a +2 whip of electrocution, wearing a +0 animal skin and wearing a +0 helmet (about 23% to evade the +8 spear "Maaxyew")
You reach to attack!
You barely miss Robin. The hobgoblin barely misses you.
Reach: l) +8 spear "Maaxyew" {speed, rF+ Dex+4}
Press: ? - help, Dir - move target, f/p - Robin
Aim: Robin, wielding a +2 whip of electrocution, wearing a +0 animal skin and wearing a +0 helmet (about 23% to evade the +8 spear "Maaxyew")
You reach to attack!
You hit Robin.
Robin is lightly wounded.
The hobgoblin completely misses you.
Reach: l) +8 spear "Maaxyew" {speed, rF+ Dex+4}
Press: ? - help, Dir - move target, f/p - Robin
Aim: Robin, wielding a +2 whip of electrocution, wearing a +0 animal skin and wearing a +0 helmet (lightly wounded, about 23% to evade the +8 spear "Maaxyew")
The hobgoblin is in the way.
You hit the hobgoblin.
You kill the hobgoblin!
Reach: l) +8 spear "Maaxyew" {speed, rF+ Dex+4}
Press: ? - help, Dir - move target, f/p - Robin
Aim: Robin, wielding a +2 whip of electrocution, wearing a +0 animal skin and wearing a +0 helmet (lightly wounded, about 23% to evade the +8 spear "Maaxyew")
You reach to attack!
You hit Robin.
Robin is moderately wounded.
You hit Robin but do no damage.
Robin is moderately wounded.
Robin closely misses you.
You barely miss Robin.
Robin is moderately wounded.
You barely miss Robin.
Robin is moderately wounded.
Robin hits you with a +2 whip of electrocution.
You are electrocuted!!
Ouch! That really hurt!
You die...
Robin says, "And that's why I'm the boss."

..... .... ######...
....... ..g ..#..
.g=.################.#.# #
..gg...(...gh)......<#.#.##
######.....#######........+
+.....)...........#.##
#....!##...#.#.####
########.#.#.#.# #..#...#.#
...######.# .... ... ∆
##### #.#


You could see Robin.

Vanquished Creatures
  An adder (D:3)
  3 dart slugs
  An orc (D:3)
  4 endoplasms (D:1)
  3 giant cockroaches (D:1)
  10 goblins
  8 hobgoblins
  2 jackals (D:2)
  3 quokkas
  4 ball pythons (D:2)
  3 bats
  7 frilled lizards
  2 kobolds
  3 rats (D:1)
54 creatures vanquished.

Notes
Turn   | Place    | Note
-------+----------+-------------------------------------------
     0 | D:1      | jasper the Gnoll Shapeshifter began the quest for the Orb.
     0 | D:1      | Reached XP level 1. HP: 17/17 MP: 1/1
   142 | D:1      | Reached XP level 2. HP: 20/23 MP: 2/2
   366 | D:1      | Reached XP level 3. HP: 28/28 MP: 3/3
   602 | D:2      | Reached skill level 1 in Invocations
   760 | D:2      | Identified the +8 spear "Maaxyew" {speed, rF+ Dex+4}
   830 | D:2      | Reached skill level 1 in Short Blades
   830 | D:2      | Reached skill level 1 in Long Blades
   830 | D:2      | Reached skill level 1 in Axes
   830 | D:2      | Reached skill level 1 in Maces & Flails
   830 | D:2      | Reached skill level 1 in Polearms
   830 | D:2      | Reached skill level 1 in Staves
   830 | D:2      | Reached skill level 1 in Ranged Weapons
   830 | D:2      | Reached skill level 1 in Throwing
   830 | D:2      | Reached skill level 1 in Armour
   830 | D:2      | Reached skill level 1 in Stealth
   830 | D:2      | Reached skill level 1 in Shields
   830 | D:2      | Reached skill level 1 in Spellcasting
   830 | D:2      | Reached skill level 1 in Evocations
  1126 | D:3      | Reached XP level 4. HP: 34/34 MP: 5/5
  1154 | D:3      | Noticed Robin
  1173 | D:3      | Slain by Robin

Illustrated notes

Levels and vault maps discovered:
D:1:      onia_arrival_pyramid, layout_loops_ring, chequers_serial_rivers_room_b
D:2:      layout_rooms, serial_bayou, serial_bayou_ford_a, serial_bayou_pond_e,
          serial_bayou_pond_c, serial_bayou_pond_e
D:3:      layout_basic, chequers_temple_overflow_statue_of_worship,
          dreamdust_ecumenical_altar_grove, uniq_jessica, uniq_robin,
          uniq_crazy_yiuf_cottage

Skill      XL: |  1  2  3 |
---------------+----------+-----
Invocations    | 1 |  1.2
Short Blades   | 1 |  1.1
Long Blades    | 1 |  1.1
Axes           | 1 |  1.1
Maces & Flails | 1 |  1.1
Polearms       | 1 |  1.1
Staves         | 1 |  1.1
Ranged Weapons | 1 |  1.1
Throwing       | 1 |  1.1
Armour         | 1 |  1.1
Stealth        | 1 |  1.1
Shields        | 1 |  1.1
Spellcasting   | 1 |  1.1
Evocations     | 1 |  1.1
Fighting       | |  2.7
Dodging        | |  4.6
Unarmed Combat | |  6.6
Conjurations   | |  0.9
Hexes          | |  0.9
Summonings     | |  0.9
Necromancy     | |  0.9
Translocations | |  0.9
Fire Magic     | |  0.9
Ice Magic      | |  0.9
Air Magic      | |  0.9
Earth Magic    | |  0.9
Alchemy        | |  0.9
Shapeshifting  | |  6.5

Action                     |  1- 3 |  4- 6 || total
---------------------------+-------+-------++-------
  Melee: Unarmed           |    62 |       ||    62
         Bite              |     9 |       ||     9
         Punch             |     2 |       ||     2
         Spear             |    15 |    18 ||    33
    Use: Scroll            |     6 |       ||     6
   Stab: Sleeping          |     2 |       ||     2
 Armour: Animal skin       |    28 |     4 ||    32
  Dodge: Dodged            |    29 |    15 ||    44

Table legend: (Time is in decaauts)
 A = Elapsed time spent in this place.
 B = Non-inter-level travel time spent in this place.
 C = Inter-level travel time spent in this place.
 D = Time resting spent in this place.
 E = Time spent auto-exploring this place.
 F = Levels seen in this place.
 G = Mean time per level.
                   A        B        C        D        E       F      G
               +--------+--------+--------+--------+--------+-----+--------+
         Total |   1163 |   1088 |     75 |     28 |    736 |   3 |  387.7 |
       Dungeon |   1163 |   1088 |     75 |     28 |    736 |   3 |  387.7 |
               +--------+--------+--------+--------+--------+-----+--------+

Top non-repeatable levels by time:
     D:1: 584 daAuts
     D:2: 531 daAuts
     D:3: 47 daAuts
